 Dungeon Crawl Stone Soup version 0.30-a0-652-gcc886f7154 (webtiles) character file.

Game seed: 17948758867730761563

700 Khashishi the Shield-Bearer (level 7, -1/56 HPs)
             Began as a Formicid Fighter on Jan 18, 2023.
             Killed from afar by a white imp (2 damage)
             ... with a puff of frost
             ... on level 5 of the Dungeon.
             The game lasted 00:13:59 (3509 turns).

Khashishi the Shield-Bearer (Formicid Fighter)      Turns: 3509, Time: 00:14:00

Health: -1/56      AC: 10    Str: 22    XL:     7   Next: 98%
Magic:  0/7        EV: 11    Int:  8    God:
Gold:   245        SH:  5    Dex: 13    Spells: 6/6 levels left

rFire   . . .      SeeInvis +    a - +1 quarterstaff
rCold   . . .      Faith    .    c - +0 buckler
rNeg    . . .      Spirit   +    B - +4 ring mail
rPois   .          Reflect  .    (helmet unavailable)
rElec   .          Harm     .    (no cloak)
rCorr   .          Rampage  .    (no gloves)
Will    .....                    (no boots)
Stlth   +                        k - amulet of guardian spirit
HPRegen 0.29/turn                (no ring)
MPRegen 0.10/turn                (no ring)

@: mighty, lit by a corona, glowing
A: permanent stasis, dig shafts and tunnels, antennae 3, four strong arms
a: Dig, Shaft Self


You were on level 5 of the Dungeon.
You visited 1 branch of the dungeon, and saw 5 of its levels.

You collected 245 gold pieces.

Inventory:

Hand Weapons
 a - a +1 quarterstaff (weapon)
 A - a +0 whip of distortion
Missiles
 p - 6 stones (quivered)
 t - 2 curare-tipped darts
 v - 2 poisoned darts
Armour
 c - a +0 buckler (worn)
 B - a +4 ring mail (worn)
Jewellery
 k - an amulet of guardian spirit (around neck)
 r - a ring of ice
 y - a ring of wizardry
Wands
 z - a wand of flame (25)
Scrolls
 f - 2 scrolls of immolation
 i - 2 scrolls of magic mapping
 u - a scroll of enchant armour {unknown}
Potions
 b - a potion of magic {unknown}
 d - a potion of might
 g - 2 potions of lignification {unknown}
 j - 2 potions of heal wounds {unknown}
 l - 2 potions of degeneration {unknown}
 n - a potion of cancellation {unknown}
 o - 2 potions of mutation {unknown}
 q - a potion of brilliance {unknown}
 w - 2 potions of attraction {unknown}
 x - a potion of ambrosia {unknown}


   Skills:
 + Level 5.1 Fighting
 + Level 4.1 Staves
 + Level 5.2 Armour
 + Level 1.6 Dodging
 - Level 2.0 Stealth
 + Level 6.2 Shields
 + Level 1.9 Evocations


You had 6 spell levels left.
You didn't know any spells.
Your spell library contained the following spells:

 Spells                   Type           Power      Damage    Failure   Level
 Sandblast                Erth           0%         2d4       63%         1
 Passwall                 Tmut/Erth      0%         N/A       77%         2
 Stone Arrow              Conj/Erth      0%         3d7       94%         3


Dungeon Overview and Level Annotations

Branches:
Dungeon (5/15)
 Temple: D:4-7

Altars:

Annotations:
D:5 Pikel


Innate Abilities, Weirdness & Mutations

You cannot be hasted, slowed, berserked, paralysed or teleported.
You can dig through walls and to a lower floor.
You have a pair of large antennae on your head. (SInv)
Your four strong arms can wield two-handed weapons with a shield.


Message History

You hit Duvessa but do no damage.
Duvessa is severely wounded.
Duvessa hits you but does no damage.
You barely miss Duvessa.
Duvessa is severely wounded.
Dowan casts a spell at you.
You are outlined in light.
Duvessa hits you with a +0 rapier!
You thump Duvessa!
Duvessa is almost dead.
Duvessa hits you with a +0 rapier. Dowan gestures at you while chanting.
The puff of frost hits you but does no damage.
Duvessa hits you with a +0 rapier.
The white imp shouts, "Go and return not, thou rank nose-picking socdollager!"
You hit Duvessa.
Duvessa is almost dead.
Duvessa hits you with a +0 rapier.
You sock Duvessa!
You kill Duvessa!
Dowan screams, "No!
No!"
Dowan seems to find hidden reserves of power!
Dowan points at you and mumbles some strange words.
The shard of ice hits you!
* * * LOW HITPOINT WARNING * * *
You barely miss the white imp. Dowan hits you but does no damage.
You block the white imp's attack.
You hit Dowan.
Dowan is heavily wounded.
Dowan hits you with a +0 dagger.
* * * LOW HITPOINT WARNING * * *
The white imp barely misses you.
Dowan points at you and mumbles some strange words.
The stone arrow hits you!
* * * LOW HITPOINT WARNING * * *
Okay, then.
You sock Dowan!
You kill Dowan!
The white imp gestures at you. The puff of frost hits you.
You die...

,...(..#####...####**,*,..!......
,.................,,,,,,..o......
,,*.#...<)###.!.#...,,,,,,.o.....
,,#.....#..###..#*##***,,,,.o....
,,####......#!..#####***#####oo.5
,,*.!...............>,,,#........
,,*#..###...#..########.#......<.
**#...**##.....)........#........
#.#,,,#...#${#@..........##.#..
**#.*,#.....#..5######...,,#..#..
,,*,*,#.......#..,***,,*,,...,..e
,,,,*...........#.**,,***#.(.*...
,**,*#...#.####...e,,,,,....,,...
,*,,,,.>.#.* *###...,*,,....,....
,*,*,**,,.****,,,,*..,,****,,*,,,
,*,,,**,,,,,,,,***,,**,****,,,,,,
,*,,***,,,,******,,***,,,,,,*****


You could see a white imp.

Vanquished Creatures
  Duvessa (D:5)
  An ogre (D:5)
  A centaur (D:5)
  3 lemures (D:4)
  A scorpion (D:5)
  Dowan (D:5)
  3 hounds
  A jelly (D:4)
  5 adders
  12 gnolls
  A worm (D:3)
  7 orcs
  7 ball pythons
  2 bats (D:3)
  13 endoplasms
  6 giant cockroaches
  7 goblins
  4 hobgoblins
  4 jackals (D:3)
  2 quokkas
  2 frilled lizards
  6 kobolds
  4 rats
94 creatures vanquished.

Notes
Turn   | Place    | Note
-------+----------+-------------------------------------------
     0 | D:1      | Khashishi the Formicid Fighter began the quest for the Orb.
     0 | D:1      | Reached XP level 1. HP: 18/18 MP: 1/1
    62 | D:1      | You fall into a shaft and drop 1 floor!
   143 | D:1      | Reached XP level 2. HP: 6/24 MP: 2/2
   579 | D:1      | Found a faded altar of an unknown god.
   635 | D:1      | Reached XP level 3. HP: 11/30 MP: 3/3
  1317 | D:2      | Reached XP level 4. HP: 33/37 MP: 4/4
  1975 | D:3      | Reached XP level 5. HP: 38/42 MP: 5/5
  2329 | D:4      | Reached skill level 5 in Shields
  2507 | D:3      | Reached XP level 6. HP: 34/49 MP: 2/6
  3078 | D:4      | Reached skill level 1 in Stealth
  3261 | D:5      | Entered Level 5 of the Dungeon
  3305 | D:5      | Noticed Duvessa
  3306 | D:5      | Noticed Dowan
  3392 | D:5      | Reached XP level 7. HP: 49/55 MP: 5/7
  3394 | D:5      | Reached skill level 1 in Dodging
  3432 | D:5      | Noticed Pikel
  3480 | D:5      | Reached skill level 5 in Armour
  3480 | D:5      | Reached skill level 6 in Shields
  3480 | D:5      | Reached skill level 1 in Evocations
  3494 | D:5      | Reached skill level 5 in Fighting
  3506 | D:5      | Killed Duvessa
  3508 | D:5      | HP: 1/56 [Dowan/stone arrow (11)]
  3509 | D:5      | Killed Dowan
  3509 | D:5      | Killed from afar by a white imp

Illustrated notes

Levels and vault maps discovered:
D:1:      dpeg_arrival_long_road, layout_basic,
          hellmonk_ecumenical_altar_slurped_away
D:2:      layout_basic
D:3:      layout_basic, hangedman_decor_growths, guppyfry_early_lair_pool
D:4:      layout_basic
D:5:      layout_rooms, old_standard_altar, uniq_duvessa, uniq_pikel

Skill      XL: |  1  2  3  4  5  6  7 |
---------------+----------------------+-----
Armour         | 4 5 |  5.2
Fighting       | 4 5 |  5.1
Staves         | 3 4 |  4.1
Shields        | 5 6 |  6.2
Stealth        | 1 2 |  2.0
Dodging        | 1 |  1.6
Evocations     | 1 |  1.9

Action                   |  1- 3 |  4- 6 |  7- 9 || total
-------------------------+-------+-------+-------++-------
Melee: Quarterstaff      |    72 |   206 |    36 ||   314
Throw: Stone             |    10 |    23 |     1 ||    34
Evoke: Wand              |       |       |     3 ||     3
  Use: Scroll            |       |     6 |       ||     6
       Potion            |       |       |     1 ||     1
Armor: Scale mail        |    21 |    21 |       ||    42
       Chain mail        |       |    29 |       ||    29
       Ring mail         |       |    20 |    16 ||    36
Dodge: Dodged            |    24 |    74 |    20 ||   118
Block: Buckler           |     9 |    47 |     9 ||    65

Table legend: (Time is in decaauts)
 A = Elapsed time spent in this place.
 B = Non-inter-level travel time spent in this place.
 C = Inter-level travel time spent in this place.
 D = Time resting spent in this place.
 E = Time spent auto-exploring this place.
 F = Levels seen in this place.
 G = Mean time per level.
                   A        B        C        D        E       F      G
               +--------+--------+--------+--------+--------+-----+--------+
         Total |   3580 |   3345 |    235 |    263 |   1739 |   5 |  716.0 |
       Dungeon |   3580 |   3345 |    235 |    263 |   1739 |   5 |  716.0 |
               +--------+--------+--------+--------+--------+-----+--------+

Top non-repeatable levels by time:
     D:4: 1082 daAuts
     D:1: 1068 daAuts
     D:2: 680 daAuts
     D:3: 629 daAuts
     D:5: 119 daAuts
